 Dungeon Crawl Stone Soup version 0.18.1-5-g4a78601 (webtiles) character file.

396734 oplop the Nimble (level 23, 0/136 HPs)
             Began as a Vine Stalker Assassin on May 10, 2016.
             Was the Champion of Dithmenos.
             Killed from afar by an ice dragon (25 damage)
             ... with a blast of cold
             ... on level 5 of the Depths.
             The game lasted 03:51:02 (46325 turns).

oplop the Nimble (Vine Stalker Assassin)           Turns: 46325, Time: 03:51:03

Health: 0/136      AC: 21    Str: 25    XL:     23   Next: 21%
Magic:  0/39       EV: 31    Int:  7    God:    Dithmenos [******]
Gold:   2113       SH: 13    Dex: 26    Spells: 7 memorised, 23 levels left

rFire  . . .     SeeInvis +     o - +8 quick blade (distort)
rCold  . . .     Gourm    .     N - +1 ring mail {rPois}
rNeg   + . .     Faith    .     B - +2 buckler
rPois  +         Spirit   +     F - +1 hat "Nutothais" {MR+ Regen+ Str+4 Int-2}
rElec  .         Dismiss  .     p - +2 cloak {+Inv}
rCorr  .         Reflect  +     a - +2 pair of gloves "Getaex" {Str+2 Dex+2 SInv}
SustAt .         Harm     .     v - +2 pair of boots "Rapridwy" {rN+ Stlth+}
MR     +++++                    D - +3 amulet of reflection
Stlth  ++++++++++               c - +4 ring of evasion
                                n - ring "Gasukit" {MR+ Str+7}

@: very slightly contaminated, wreathed by umbra, studying Charms, almost
entirely resistant to hostile enchantments, uncannily stealthy
A: fangs 3, molten scales 2, see invisible, dopey 1, magic resistance 1,
regeneration 3, robust 1, weak 2, magic shield, antimagic bite, no device heal
3, rot immunity, subdued magic 1, sturdy frame 1
a: Shadow Step, Shadow Form, Renounce Religion, Evoke Invisibility
}: 2/15 runes: serpentine, barnacled


You were on level 5 of the Depths.
You worshipped Dithmenos.
Dithmenos was exalted by your worship.
You were not hungry.

You visited 8 branches of the dungeon, and saw 42 of its levels.
You also visited: Labyrinth.

You collected 4736 gold pieces.
You spent 2623 gold pieces at shops.

Inventory:

Hand Weapons
 o - a +8 quick blade of distortion (weapon)
Missiles
 W - 2 curare-tipped needles
 X - 6 throwing nets (quivered)
Armour
 a - the +2 pair of gloves "Getaex" (worn) {Str+2 Dex+2 SInv}
   (You found it on level 3 of the Depths)

   It affects your strength (+2).
   It affects your dexterity (+2).
   It lets you see invisible.
 p - a +2 cloak of invisibility (worn)
 r - a +2 leather armour of cold resistance
 t - the +2 helmet of Zuduin {rF+}
   (You bought it in a shop on level 6 of the Dungeon)

   It protects you from fire.
 v - the +2 pair of boots "Rapridwy" (worn) {rN+ Stlth+}
   (You found it on level 3 of the Depths)

   It protects you from negative energy.
   It makes you more stealthy.
 B - a +2 buckler (worn)
 F - the +1 hat "Nutothais" (worn) {MR+ Regen+ Str+4 Int-2}
   (You found it on level 4 of the Snake Pit)

   It affects your strength (+4).
   It affects your intelligence (-2).
   It affects your resistance to hostile enchantments.
   It increases your rate of regeneration.
 N - a +1 ring mail of poison resistance (worn)
Rods
 S - a +9 rod of inaccuracy (11/11)
   (You bought it in a shop on level 2 of the Vaults)
Jewellery
 c - a +4 ring of evasion (right hand)
 n - the ring "Gasukit" (left hand) {MR+ Str+7}
   (You found it on level 1 of the Vaults)

   [ring of protection from magic]

   It affects your strength (+7).
   It affects your resistance to hostile enchantments.
 w - an uncursed ring of wizardry
 z - the ring "Oppaing" {SustAt MP+9 Str+2 Int+5 Dex-3}
   (You found it on level 3 of the Snake Pit)

   [ring of sustain attributes]

   It sustains your strength, intelligence and dexterity.
   It affects your strength (+2).
   It affects your intelligence (+5).
   It affects your dexterity (-3).
   It affects your magic capacity (+9).
 D - a +3 amulet of reflection (around neck)
 Q - an uncursed ring of protection from fire
Wands
 b - a wand of slowing (26/48)
 f - a wand of disintegration (15/24)
 J - a wand of hasting (3/9)
 L - a wand of iceblast (6/15)
 Y - a wand of teleportation (4/9)
Scrolls
 k - 8 scrolls of teleportation
 q - 7 scrolls of fog
 s - 7 scrolls of amnesia
 x - 7 scrolls of enchant armour
 y - 4 scrolls of blinking
 E - 18 scrolls of remove curse
 G - 5 scrolls of identify
 H - 4 scrolls of fear
 I - 9 scrolls of recharging
 P - a scroll of magic mapping
Potions
 e - 2 potions of brilliance
 h - 6 potions of might
 i - 2 potions of berserk rage
 j - 16 potions of curing
 l - 5 potions of flight
 m - 2 potions of agility
 u - 7 potions of haste
 A - a potion of magic
 R - 3 potions of resistance
 U - 2 potions of invisibility
 V - 2 potions of cancellation
Books
 T - a manual of Charms
Miscellaneous
 K - a phial of floods
 M - a sack of spiders
 O - a fan of gales
Comestibles
 d - 23 fruits
 g - 21 bread rations


   Skills:
 + Level 14.2 Fighting
 - Level 10.4 Short Blades
 - Level 4.6 Throwing
 + Level 7.0 Armour
 - Level 14.9 Dodging
 - Level 13.9 Stealth
 + Level 8.6 Shields
 - Level 11.1 Spellcasting
 - Level 9.5 Hexes
 - Level 11.3 Charms
 - Level 5.2 Necromancy
 - Level 11.1 Translocations
 - Level 10.3 Invocations
 - Level 14.7 Evocations


You had 23 spell levels left.
You knew the following spells:

 Your Spells              Type           Power        Failure   Level  Hunger
a - Blink                 Tloc           N/A          1%          2    ##.....
b - Apportation           Tloc           ##........   1%          1    None
c - Passage of Golubria   Tloc           N/A          1%          4    ####...
d - Warp Weapon           Chrm/Tloc      ###.......   4%          5    ######.
e - Gell's Gravitas       Hex/Tloc       ##........   1%          3    ###....
f - Confuse               Hex            ##......     1%          3    ###....
g - Regeneration          Chrm/Necr      ##........   1%          3    ###....


Dungeon Overview and Level Annotations

Branches:
Dungeon (15/15)            Temple (1/1) D:5            Lair (8/8) D:9
 Shoals (4/4) Lair:4        Snake (4/4) Lair:4        Slime (0/6) Lair:6
    Orc (2/2) D:10            Elf (0/3) Orc:2        Vaults (4/5) D:13
  Crypt (0/3) Vaults:3     Depths (3/5) D:15

Altars:
Ashenzari
Cheibriados
Dithmenos
Elyvilon
Fedhas
Gozag
Kikubaaqudgha
Makhleb
Nemelex Xobeh
Okawaru
Pakellas
Qazlal
Ru
Sif Muna
Trog
Vehumet
Xom
Yredelemnul
Zin
The Shining One

Shops:
D:6 [   D:8 }   Orc:2 *?[?   Vaults:2 }   Vaults:3 =   Vaults:4 %   Depths:1 *

Portals:
Hell: Depths:1 Depths:2 Depths:3 Depths:5
Pandemonium: Depths:1 Depths:2 Depths:3
Ziggurat: Depths:1
Bazaar: Depths:5

Annotations:
D:7 kae's ghost, novice DDFi
D:9 exclusion: door
Abyss:1 Kirke; Saint Roka


Innate Abilities, Weirdness & Mutations

You have razor-sharp teeth.
You regenerate.
When hurt, damage is shared between your health and your magic reserves.
Your bite disrupts and absorbs the magic of your enemies.
Potions and wands cannot restore your health.
You are immune to rotting.
You are mostly covered in molten scales (AC +3, EV -1).
You have supernaturally acute eyesight.
You are dopey. (Int -2)
You are resistant to hostile enchantments.
You are robust (+10% HP).
You are very weak. (Str -4)
Your spells are a little easier to cast, but a little less powerful.
Your movements are slightly less encumbered by armour (ER -2).


Message History

The air twists around and strikes you!
* * * LOW HITPOINT WARNING * * *
Unknown command.
Unknown command.
Unknown command.
Unknown command.
Unknown command.
Unknown command.
Read which item? (? for menu, Esc to quit)
Blink to where?
Press: ? - help, Dir - move target cursor You are very lightly contaminated with residual magic.
As you read the scroll of blinking, it crumbles to dust.
Read which item? (? for menu, Esc to quit)
Blink to where?
Press: ? - help, Dir - move target cursor
As you read the scroll of blinking, it crumbles to dust.
The ice dragon breathes frost at you. The blast of cold hits you!
You die...

..#......§§§§§.......,,,,,,,,,*
..#.......#§C§§......,,,,,,,,,*
..#.......#.........#**********
..#.......#i.§..§§..#
###.......#..Di.§§..#
#....)..#....§§§..#
#.......#.§§§.§§..#
#.......#..§§....§#
#########.....@...# ###########


You could see a fire giant, an ice dragon, a spriggan berserker (berserk) and a
spriggan air mage.

Vanquished Creatures
  Sojobo (Vaults:4)
  Vashnia (Snake:2)
  A caustic shrike (Depths:2)
  Jorgrun (Snake:3)
  A titan (Depths:2)
  Frances (D:14)
  Polyphemus (Shoals:2)
  2 sphinxes
  Agnes (Snake:2)
  The ghost of pedritolo the Brawler, an adept MiAs of Okawaru (Depths:3)
  3 tengu reavers
  A storm dragon (Vaults:2)
  6 fire giants
  Ilsuiw (Shoals:4)
  7 greater nagas (Snake:4)
  2 frost giants
  An orc warlord (Vaults:4)
  Aizul (Snake:2)
  7 vault wardens
  2 spriggan defenders (Depths:2)
  The ghost of Chiseanne the Peltast, a journeyman FoFi of Gozag (D:15)
  11 very ugly things
  8 stone giants
  7 ironheart preservers
  3 vampire knights
  Azrael (D:14)
  A dire elephant (D:15)
  5 spark wasps (Depths:2)
  8 merfolk javelineers (Shoals:4)
  3 ettins
  A minotaur (Lab)
  A deep elf death mage (Vaults:1)
  4 jiangshi
  2 fire dragons
  A crystal guardian (Vaults:4)
  3 vault guards
  A deep elf high priest (Depths:2)
  9 merfolk impalers
  9 great orbs of eyes
  4 yaktaur captains
  6 hydras
  3 ice dragons
  5 rakshasas
  15 naga warriors
  13 centaur warriors
  5 spriggan air magi
  5 anacondas
  7 merfolk avatars
  A ghost crab (shapeshifter) (Vaults:1)
  4 catoblepae
  10 ogre magi
  A death knight (Vaults:4)
  Erica (D:11)
  23 death yaks
  3 merfolk aquamancers (Shoals:4)
  2 dancing weapons (D:13)
  An anaconda (shapeshifter) (Vaults:1)
  3 alligator snapping turtles
  2 deep troll shamans (Depths:2)
  2 hell hogs (Depths:3)
  5 deep troll earth magi
  4 orc high priests
  2 vampire magi
  4 tengu warriors
  6 shock serpents
  3 spriggan berserkers (Depths:2)
  2 shock serpents (shapeshifter)
  5 deep elf knights
  A titan skeleton (Vaults:4)
  19 naga sharpshooters
  5 skeletal warriors
  7 hell knights (Depths:2)
  2 fire crabs
  13 deep trolls
  2 giant orange brains (Vaults:2)
  A deep troll (shapeshifter) (Vaults:3)
  A salamander mystic (Snake:2)
  6 deep elf archers
  3 unseen horrors
  4 flayed ghosts
  4 hill giants
  2 phantasmal warriors (Depths:2)
  12 sea snakes
  4 naga ritualists
  9 ironbrand convokers
  19 orc knights
  16 wizards
  A shadow dragon zombie (Depths:2)
  8 necromancers
  2 harpies (shapeshifter)
  8 deep elf magi
  39 ugly things
  A glowing shapeshifter (Depths:2)
  38 harpies
  9 griffons
  11 cyclopes
  7 orc sorcerers
  8 mana vipers
  A stone giant zombie (Vaults:4)
  9 wolf spiders
  2 hornets
  8 salamanders
  9 fauns
  11 sirens
  An octopode (shapeshifter) (Depths:2)
  4 elephants
  5 guardian serpents
  8 manticores
  2 water nymphs
  29 black mambas
  3 centaur zombies
  A rust devil (Depths:2)
  A frost giant skeleton (Vaults:3)
  15 vault sentinels
  15 naga magi
  A guardian serpent (shapeshifter) (Depths:1)
  Joseph (D:7)
  15 spiny frogs
  2 gargoyles
  2 rime drakes
  6 freezing wraiths
  29 yaktaurs
  3 kobold demonologists
  2 ice devils
  10 komodo dragons
  A tengu conjurer (D:15)
  4 trolls
  A jumping spider (Vaults:3)
  A polar bear (Lair:7)
  14 two-headed ogres
  3 wind drakes (Shoals:4)
  10 blink frogs
  28 merfolk
  Grinder (D:4)
  A fire giant simulacrum (Depths:2)
  A stone giant simulacrum (Vaults:2)
  47 slime creatures
  5 boulder beetles
  2 blink frogs (shapeshifter)
  10 snapping turtles
  An ettin zombie (Vaults:4)
  6 air elementals (Depths:2)
  3 shadows
  9 redbacks
  3 spriggans
  A wyvern (D:12)
  A salamander simulacrum (Vaults:3)
  Sigmund (D:4)
  2 vampires
  37 yaks
  3 hogs (D:15)
  A hog (shapeshifter) (Vaults:1)
  8 water elementals
  4 wraiths
  Grum (D:8)
  3 fire elementals (D:14)
  9 hippogriffs
  7 basilisks
  9 vampire mosquitoes
  13 hungry ghosts
  A mottled dragon (Vaults:2)
  4 wargs
  A mottled dragon (shapeshifter) (Vaults:1)
  A human simulacrum (Vaults:2)
  The ghost of oplop the Changer, an amateur OpTm (D:4)
  Edmund (D:4)
  56 nagas
  A soldier ant (shapeshifter) (Depths:1)
  13 water moccasins
  12 hell hounds
  2 giant eyeballs
  A soldier ant (D:10)
  16 porcupines
  A giant eyeball (shapeshifter) (Vaults:2)
  6 ice beasts
  37 orc warriors
  4 phantoms
  3 sky beasts
  5 wasps
  An eye of draining (D:11)
  4 black bears
  An ettin simulacrum (Vaults:3)
  3 necrophages
  39 ogres
  7 wolves
  23 centaurs
  12 crocodiles
  Blork the orc (D:5)
  3 big kobolds
  29 giant frogs
  A gnoll sergeant (D:9)
  2 human zombies (Vaults:3)
  An earth elemental (Lab)
  A glowing shapeshifter simulacrum (Vaults:3)
  6 scorpions
  A water moccasin skeleton (D:9)
  5 killer bees (D:10)
  13 wights
  A spriggan skeleton (D:12)
  A troll skeleton (Lab)
  5 electric eels
  6 howler monkeys
  9 crimson imps
  5 hounds
  A quasit (D:12)
  6 centaur skeletons
  5 giant frog skeletons
  25 orc priests
  6 jellies
  23 orc wizards
  Crazy Yiuf (D:4)
  9 iguanas
  6 worker ants
  24 sheep
  A worker ant zombie (D:7)
  12 gnolls
  12 adders
  50 river rats
  4 shadow imps
  A white imp (Depths:1)
  2 oozes
  4 adder skeletons
  An adder zombie (D:4)
  3 worms (D:2)
  A dart slug (D:2)
  4 giant geckos
  78 orcs
  10 bats
  5 giant cockroaches
  9 hobgoblins
  6 jackals
  7 kobolds
  4 quokkas
  A ball python (D:5)
  2 giant gecko skeletons
  3 giant newts
  5 goblins
  A jackal skeleton (D:4)
  A quokka zombie (D:5)
  4 rats
  A fungus (Lair:5)
1660 creatures vanquished.

Vanquished Creatures (collateral kills)
  A lich (Vaults:1)
  A salamander (Snake:1)
  A naga mage (Snake:1)
3 creatures vanquished.

Vanquished Creatures (others)
  A caustic shrike (Depths:2)
  A golden dragon (Depths:2)
  A lich (Depths:3)
  A sphinx (Depths:2)
  A fire giant (Depths:2)
  A greater naga (Snake:4)
  A frost giant (Depths:2)
  An ironheart preserver (Vaults:3)
  2 very ugly things (Depths:3)
  A stone giant (Depths:2)
  An ettin (Depths:3)
  An ice dragon (Depths:2)
  A merfolk avatar (Shoals:4)
  8 naga warriors
  An ogre mage (Depths:2)
  A centaur warrior (D:15)
  2 deep troll earth magi (Depths:2)
  A tengu warrior (Depths:2)
  An iron giant zombie (Depths:2)
  An orc high priest (Orc:2)
  5 naga sharpshooters
  2 hell knights (Depths:2)
  A spark wasp zombie (Depths:2)
  A deep troll (Depths:2)
  A hill giant (Vaults:1)
  A naga ritualist (Snake:4)
  2 deep elf archers
  A deep elf mage (Vaults:1)
  A necromancer (Depths:2)
  A hornet (shapeshifter) (Vaults:2)
  A manticore (Shoals:4)
  A vault sentinel (Vaults:2)
  2 naga magi (Snake:4)
  A guardian serpent (Snake:4)
  2 merfolk (Shoals:4)
  An air elemental (Depths:2)
  4 nagas (Snake:4)
  A soldier ant (shapeshifter) (Vaults:1)
  A hell hound (Depths:3)
  2 orcs
  9 fungi
  11 plants
  4 tentacles (Shoals:4)
  179 tentacle segments (Shoals:4)
264 creatures vanquished.

Grand Total: 1927 creatures vanquished

Notes
Turn   | Place    | Note
--------------------------------------------------------------
     0 | D:1      | oplop the Vine Stalker Assassin began the quest for the Orb.
     0 | D:1      | Reached XP level 1. HP: 11/11 MP: 2/2
   105 | D:1      | Reached skill level 1 in Dodging
   209 | D:1      | Reached XP level 2. HP: 7/15 MP: 1/3
   240 | D:1      | Reached skill level 5 in Stealth
   584 | D:1      | Reached XP level 3. HP: 15/18 MP: 4/4
  1436 | D:2      | Reached XP level 4. HP: 11/23 MP: 5/5
  1521 | D:2      | Found a snail-covered altar of Cheibriados.
  1528 | D:2      | Found a glowing golden altar of the Shining One.
  1530 | D:2      | Found a deep blue altar of Sif Muna.
  1696 | D:2      | Found a sacrificial altar of Ru.
  2624 | D:4      | Noticed oplop's ghost (amateur OpTm)
  2692 | D:4      | Killed oplop's ghost
  2692 | D:4      | Reached XP level 5. HP: 7/28 MP: 2/6
  2795 | D:4      | Gained mutation: You heal very quickly. [Vine Stalker growth]
  2795 | D:4      | Reached XP level 6. HP: 31/32 MP: 4/7
  2982 | D:4      | Noticed Edmund
  3014 | D:4      | Killed Edmund
  3014 | D:4      | Reached XP level 7. HP: 24/37 MP: 3/8
  3397 | D:4      | Noticed Sigmund
  3413 | D:4      | Killed Sigmund
  3413 | D:4      | Gained mutation: You have razor-sharp teeth. [Vine Stalker growth]
  3413 | D:4      | Reached XP level 8. HP: 42/42 MP: 9/9
  3420 | D:4      | Noticed Grinder
  3452 | D:4      | Gained mutation: You are partially covered in molten scales (AC +1). [potion of mutation]
  3452 | D:4      | Gained mutation: You have supernaturally acute eyesight. [potion of mutation]
  3452 | D:4      | Gained mutation: Your body sometimes deteriorates upon taking damage. [potion of mutation]
  3507 | D:4      | Killed Grinder
  3703 | D:4      | Reached skill level 5 in Short Blades
  3795 | D:4      | Noticed Crazy Yiuf
  3801 | D:4      | Killed Crazy Yiuf
  3903 | D:5      | Entered Level 5 of the Dungeon
  3936 | D:5      | Got a steaming leather armour
  3947 | D:5      | Identified the cursed +0 leather armour "Fesah" {Str+2} (You found it on level 5 of the Dungeon)
  3969 | D:5      | Found a staircase to the Ecumenical Temple.
  3992 | Temple   | Entered the Ecumenical Temple
  4095 | D:5      | Reached skill level 5 in Fighting
  4148 | D:2      | Found a burning altar of Makhleb.
  4160 | D:2      | Became a worshipper of Ru the Awakened
  4249 | Temple   | Fell from the grace of Ru
  4249 | Temple   | Became a worshipper of Dithmenos the Shadowed
  4489 | D:5      | Noticed Blork the orc
  4504 | D:5      | Killed Blork the orc
  4504 | D:5      | Reached skill level 1 in Evocations
  4654 | D:6      | Found Foiplaba's Antique Armour Shoppe.
  4812 | D:6      | Reached XP level 9. HP: 37/47 MP: 11/11
  4860 | D:6      | Found a sparkling altar of Nemelex Xobeh.
  5043 | D:6      | Reached * piety under Dithmenos
  5182 | D:6      | Learned a level 2 spell: Blink
  5296 | D:6      | Reached skill level 1 in Spellcasting
  5300 | D:6      | Bought an ichor-stained helmet for 323 gold pieces
  5310 | D:6      | Identified the +2 helmet of Zuduin {rF+} (You bought it in a shop on level 6 of the Dungeon)
  5477 | D:7      | Noticed Joseph
  5488 | D:7      | Killed Joseph
  5488 | D:7      | Reached skill level 1 in Translocations
  5585 | D:7      | Noticed kae's ghost (novice DDFi)
  6241 | D:8      | Reached ** piety under Dithmenos
  6252 | D:8      | Found Voyv's Gadget Boutique.
  6359 | D:8      | Reached XP level 10. HP: 53/53 MP: 16/16
  6452 | D:8      | Noticed Grum
  6477 | D:8      | Killed Grum
  6506 | D:8      | Noticed a cyclops
  6519 | D:8      | Killed a cyclops
  6603 | D:8      | Learned a level 1 spell: Apportation
  6608 | D:8      | Learned a level 4 spell: Passage of Golubria
  7105 | D:9      | Reached skill level 5 in Spellcasting
  7185 | D:9      | Found a staircase to the Lair.
  7224 | D:9      | Reached skill level 5 in Translocations
  7445 | D:9      | Noticed a hill giant
  7448 | D:9      | Noticed a manticore
  7458 | D:9      | Killed a hill giant
  7460 | D:9      | Noticed a kobold demonologist
  7461 | D:9      | Reached *** piety under Dithmenos
  7470 | D:9      | Killed a kobold demonologist
  7566 | D:9      | Noticed a gargoyle
  7582 | D:9      | Reached XP level 11. HP: 53/56 MP: 19/21
  7837 | D:9      | Reached skill level 5 in Evocations
  7853 | D:9      | Killed a manticore
  8680 | D:9      | Gained mutation: Your spells are a little easier to cast, but a little less powerful. [potion of mutation]
  8704 | D:10     | Entered Level 10 of the Dungeon
  8721 | D:10     | Found a staircase to the Orcish Mines.
  9046 | D:10     | Noticed an unseen horror
  9054 | D:10     | Killed an unseen horror
  9054 | D:10     | Reached **** piety under Dithmenos
  9258 | D:10     | Found a shattered altar of Ashenzari.
  9415 | D:10     | Gained mutation: Your movements are slightly less encumbered by armour (ER -2). [potion of mutation]
  9415 | D:10     | Lost mutation: Your body sometimes deteriorates upon taking damage. [potion of mutation]
  9814 | D:11     | Noticed Erica
  9819 | D:11     | Killed Erica
  9819 | D:11     | Reached skill level 1 in Shields
  9983 | D:11     | Gained mutation: You are weak. (Str -2) [potion of mutation]
  9983 | D:11     | Gained mutation: You are resistant to hostile enchantments. [potion of mutation]
  9989 | D:11     | Noticed a tengu warrior
  9997 | D:11     | Noticed a tengu warrior
  9999 | D:11     | Killed a tengu warrior
 10002 | D:11     | Killed a tengu warrior
 10002 | D:11     | Gained mutation: You regenerate. [Vine Stalker growth]
 10002 | D:11     | Reached XP level 12. HP: 60/60 MP: 25/25
 12079 | D:13     | Noticed a centaur warrior
 12140 | D:13     | Noticed a centaur warrior
 12145 | D:13     | Killed a centaur warrior
 12160 | D:13     | Reached skill level 5 in Shields
 12270 | D:13     | Killed a centaur warrior
 12373 | D:13     | Reached XP level 13. HP: 66/67 MP: 26/26
 12627 | Lair:1   | Entered Level 1 of the Lair of Beasts
 13245 | Lair:1   | Reached ***** piety under Dithmenos
 13507 | Lair:1   | Reached skill level 1 in Invocations
 14244 | Lair:2   | Reached skill level 10 in Short Blades
 15466 | Lair:4   | Found a staircase to the Snake Pit.
 15561 | Lair:4   | Found a staircase to the Shoals.
 16313 | Lair:5   | Reached XP level 14. HP: 74/74 MP: 27/27
 17061 | Lair:6   | Found a staircase to the Slime Pits.
 17076 | Lair:6   | Gained mutation: You are robust (+10% HP). [potion of mutation]
 17076 | Lair:6   | Gained mutation: You are very robust (+20% HP). [potion of mutation]
 17185 | Lair:6   | Reached skill level 5 in Invocations
 18157 | Lair:7   | Reached skill level 10 in Evocations
 18535 | Lair:8   | Entered Level 8 of the Lair of Beasts
 18569 | Lair:8   | Reached ****** piety under Dithmenos
 19197 | Lair:8   | Reached skill level 5 in Dodging
 19437 | Lair:8   | Reached XP level 15. HP: 96/96 MP: 28/28
 19439 | Lair:8   | Reached skill level 10 in Fighting
 20306 | D:13     | You fall through a shaft for 2 floors!
 20306 | D:15     | Entered Level 15 of the Dungeon
 20318 | D:15     | Noticed Chiseanne's ghost (journeyman FoFi)
 20333 | D:15     | HP: 4/96 [Chiseanne's ghost (16)]
 20353 | D:15     | Found an oddly glowing altar of Pakellas.
 20533 | D:14     | Noticed Frances
 20552 | D:14     | Killed Frances
 21134 | D:14     | Noticed Azrael
 21146 | D:14     | Killed Azrael
 21446 | D:13     | Found a gate to the Vaults.
 21673 | Shoals:1 | Entered Level 1 of the Shoals
 22280 | Orc:1    | Entered Level 1 of the Orcish Mines
 22383 | Orc:2    | Entered Level 2 of the Orcish Mines
 22412 | Orc:2    | Found a labyrinth entrance.
 22430 | Lab      | Entered a labyrinth
 22617 | Lab      | Reached XP level 16. HP: 45/104 MP: 7/29
 22694 | Lab      | Identified Sif Muna's Collected Works on Hexes and Benedictions
 22832 | Orc:2    | Found a staircase to the Elven Halls.
 22933 | Orc:2    | Found Bohieb's Magic Scroll Emporium.
 22968 | Orc:2    | Found Naolor's Antique Armour Boutique.
 23149 | Orc:2    | Found Visud's Assorted Antiques.
 23168 | Orc:2    | Gained mutation: You are very weak. (Str -4) [a neqoxec]
 23169 | Orc:2    | Found Nauxuplu's Magic Scroll Boutique.
 23257 | Orc:2    | Bought 3 scrolls of blinking for 270 gold pieces
 23257 | Orc:2    | Bought a scroll of enchant weapon for 90 gold pieces
 23259 | Orc:2    | Bought a scroll labeled AWUINAUZ DUEVI for 25 gold pieces
 23813 | Shoals:1 | Reached skill level 1 in Armour
 24360 | Shoals:2 | Noticed Polyphemus
 24382 | Shoals:2 | Killed Polyphemus
 24425 | Shoals:2 | Reached skill level 10 in Dodging
 24598 | Shoals:2 | Reached skill level 10 in Invocations
 25562 | Shoals:3 | Identified a scroll of acquirement
 25577 | Shoals:3 | Got a faintly glowing rapier
 25578 | Shoals:3 | Identified the +4 rapier "Ruesa" {speed, Int+5 Stlth+} (You acquired it on level 3 of the Shoals)
 25615 | Shoals:4 | Entered Level 4 of the Shoals
 25670 | Shoals:4 | Got a ring of the Octopus King
 25671 | Shoals:4 | Identified a ring of the Octopus King {SustAt AC+1 EV+1 Str+1 Int+1 Dex+1} (You found it on level 4 of the Shoals)
 25723 | Shoals:4 | Noticed a kraken
 25762 | Shoals:4 | Reached XP level 17. HP: 102/111 MP: 25/30
 25877 | Shoals:4 | Noticed Ilsuiw
 25945 | Shoals:4 | Killed Ilsuiw
 25945 | Shoals:4 | Reached skill level 5 in Armour
 26748 | Shoals:4 | Got a barnacled rune of Zot
 27166 | Vaults:1 | Entered Level 1 of the Vaults
 27287 | Vaults:1 | Got a vibrating marble ring
 27288 | Vaults:1 | Identified the ring "Gasukit" {MR+ Str+7} (You found it on level 1 of the Vaults)
 27298 | Vaults:1 | Noticed a lich
 27309 | Vaults:1 | Killed a lich
 28561 | Vaults:1 | Reached XP level 18. HP: 75/120 MP: 31/31
 28746 | Vaults:1 | Reached skill level 10 in Stealth
 30530 | Vaults:2 | Found Iloiroe Puupt's Gadget Shop.
 31214 | Vaults:3 | Reached XP level 19. HP: 114/124 MP: 32/32
 32035 | Vaults:3 | Found Kitimeg's Jewellery Shop.
 32188 | Vaults:3 | Found a staircase to the Crypt.
 32788 | Vaults:4 | Found Anumoq's Food Emporium.
 33124 | Vaults:4 | Noticed Sojobo
 33128 | Vaults:4 | Killed Sojobo
 34067 | Vaults:4 | Reached XP level 20. HP: 73/130 MP: 33/33
 34382 | Vaults:2 | Bought a +9 rod of inaccuracy (11/11) for 1285 gold pieces
 34672 | Snake:1  | Entered Level 1 of the Snake Pit
 35523 | Snake:2  | Noticed Agnes
 35524 | Snake:2  | Noticed Vashnia
 35597 | Snake:1  | Gained mutation: You are mostly covered in molten scales (AC +3, EV -1). [potion of mutation]
 36507 | Vaults:2 | Learned a level 5 spell: Warp Weapon
 37162 | Snake:1  | Reached skill level 1 in Charms
 37228 | Snake:2  | Killed Vashnia
 37346 | Snake:2  | Noticed Aizul
 37395 | Snake:2  | Killed Aizul
 37625 | Snake:2  | Killed Agnes
 38061 | Snake:3  | Reached skill level 5 in Charms
 38111 | Snake:3  | Got a wavering golden ring
 38112 | Snake:3  | Identified the ring "Oppaing" {SustAt MP+9 Str+2 Int+5 Dex-3} (You found it on level 3 of the Snake Pit)
 38282 | Snake:3  | Identified a -1 rod of ignition (13/13) (You found it on level 3 of the Snake Pit)
 38509 | Snake:3  | Noticed Jorgrun
 38511 | Snake:3  | Killed Jorgrun
 38842 | Snake:4  | Entered Level 4 of the Snake Pit
 39812 | Snake:4  | Learned a level 3 spell: Gell's Gravitas
 39844 | Snake:4  | Reached skill level 1 in Hexes
 39903 | Snake:4  | Reached XP level 21. HP: 115/135 MP: 34/34
 40170 | Snake:4  | Got a distressingly furry hat
 40181 | Snake:4  | Identified the +1 hat "Nutothais" {MR+ Regen+ Str+4 Int-2} (You found it on level 4 of the Snake Pit)
 40536 | Snake:4  | Got a serpentine rune of Zot
 40925 | Lair:1   | Learned a level 3 spell: Confuse
 41195 | D:15     | Killed Chiseanne's ghost
 41195 | D:15     | Reached skill level 5 in Hexes
 41236 | D:15     | Noticed Kirke
 41263 | D:15     | Banished Kirke
 41610 | D:15     | Reached skill level 10 in Translocations
 41872 | D:15     | Found a staircase to the Depths.
 41938 | Depths:1 | Entered Level 1 of the Depths
 41939 | Depths:1 | Found a gateway to a ziggurat.
 42026 | Depths:1 | Found Neank's Needful Niceties.
 42112 | Depths:1 | Found a gateway to Hell.
 42142 | Depths:1 | Found a one-way gate leading to the halls of Pandemonium.
 43679 | Depths:2 | Reached XP level 22. HP: 88/141 MP: 26/35
 43895 | Depths:2 | Noticed a golden dragon
 43911 | Depths:2 | Paralysed by a giant eyeball for 2 turns
 43920 | Depths:2 | Noticed Saint Roka
 43940 | Depths:2 | Banished a golden dragon
 43953 | Depths:2 | Banished Saint Roka
 43966 | Depths:2 | Noticed a caustic shrike
 43967 | Depths:2 | Noticed a caustic shrike
 43968 | Depths:2 | Noticed a caustic shrike
 43969 | Depths:2 | Noticed a caustic shrike
 43973 | Depths:2 | Gained mutation: You are dopey. (Int -2) [mutagenic glow]
 44011 | Depths:2 | Lost mutation: You are very robust (+20% HP). [mutagenic glow]
 44246 | Depths:2 | Banished a caustic shrike
 44321 | Depths:2 | Killed a caustic shrike
 44459 | Depths:2 | Banished a caustic shrike
 44794 | Depths:1 | Bought a book of Necromancy for 630 gold pieces
 44798 | Depths:1 | Learned a level 3 spell: Regeneration
 44847 | Depths:2 | Reached skill level 10 in Spellcasting
 44875 | Depths:2 | Reached skill level 1 in Necromancy
 45078 | Depths:3 | Paralysed by a giant eyeball for 2 turns
 45398 | Depths:3 | Reached skill level 10 in Charms
 45543 | Depths:3 | Got a pair of bloodstained boots
 45556 | Depths:3 | Identified the +2 pair of boots "Rapridwy" {rN+ Stlth+} (You found it on level 3 of the Depths)
 45587 | Depths:3 | Noticed pedritolo's ghost (adept MiAs)
 45722 | Depths:3 | Reached XP level 23. HP: 122/136 MP: 35/38
 45748 | Depths:3 | Killed pedritolo's ghost
 45791 | Depths:3 | Got a pair of faintly glowing gloves
 45802 | Depths:3 | Identified the +2 pair of gloves "Getaex" {Str+2 Dex+2 SInv} (You found it on level 3 of the Depths)
 45888 | Depths:3 | Reached skill level 5 in Necromancy
 46257 | Depths:3 | You fall through a shaft for 2 floors!
 46257 | Depths:5 | Entered Level 5 of the Depths
 46293 | Depths:5 | Noticed a golden dragon
 46313 | Depths:5 | Found a flickering gateway to a bazaar.
 46325 | Depths:5 | Killed from afar by an ice dragon

Skill      XL: |  1  2  3  4  5  6  7  8  9 10 11 12 13 14 15 16 17 18 19 20 21 22 23 |
---------------+----------------------------------------------------------------------+-----
Dodging        | 1 2 3 4 6 9 10 11 12 14 | 14.9
Short Blades   | 2 3 4 5 6 8 9 10 | 10.4
Fighting       | 2 3 4 5 7 8 9 11 12 13 14 | 14.2
Stealth        | 5 6 7 8 9 12 13 | 13.9
Evocations     | 2 3 4 6 8 9 10 11 13 14 | 14.7
Spellcasting   | 3 6 8 10 11 | 11.1
Translocations | 3 6 7 8 11 | 11.1
Shields        | 2 5 7 8 |  8.6
Invocations    | 4 6 8 10 | 10.3
Armour         | 4 6 7 |  7.0
Throwing       | 4 |  4.6
Charms         | 7 8 10 11 | 11.3
Hexes          | 1 9 |  9.5
Necromancy     | 4 5 |  5.2

Action                   |  1- 3 |  4- 6 |  7- 9 | 10-12 | 13-15 | 16-18 | 19-21 | 22-24 || total
-------------------------+-------+-------+-------+-------+-------+-------+-------+-------++-------
Melee: Dagger            |    91 |    90 |       |   477 |  1429 |  2070 |  1128 |       ||  5285
       Bite              |    24 |    21 |    83 |   273 |   534 |   983 |  1527 |   530 ||  3975
       Short sword       |       |    23 |   283 |   229 |       |       |       |       ||   535
       Unarmed           |       |       |    15 |       |       |       |       |       ||    15
       Rapier            |       |       |       |       |       |     2 |       |       ||     2
       Quick blade       |       |       |       |       |       |       |  1759 |   941 ||  2700
 Fire: Blowgun           |       |    10 |    11 |     5 |     3 |       |       |       ||    29
Throw: Throwing net      |       |       |       |       |       |     9 |       |       ||     9
 Cast: Blink             |       |       |       |       |     4 |     1 |     2 |       ||     7
       Warp Weapon       |       |       |       |       |       |       |    43 |    31 ||    74
Invok: Shadow Step       |       |       |       |       |     9 |     9 |     5 |     1 ||    24
 Abil: Evoke Invisibilit |       |       |     3 |    14 |    17 |    15 |     5 |     6 ||    60
Evoke: Wand              |       |       |       |       |    14 |    10 |       |     6 ||    30
       Fan of gales      |       |       |       |       |       |     1 |     1 |       ||     2
       Phial of floods   |       |       |       |       |       |       |     1 |       ||     1
       Rod               |       |       |       |       |       |       |    30 |       ||    30
  Use: Scroll            |       |     3 |     8 |    17 |    11 |    13 |    18 |    10 ||    80
       Potion            |       |       |     2 |     6 |     2 |     1 |     4 |       ||    15
 Stab: Sleeping          |    11 |     7 |    25 |    48 |    98 |    50 |    89 |    15 ||   343
       Distracted        |       |     2 |     1 |     8 |     9 |    12 |    14 |     8 ||    54
       Invisible         |       |       |     3 |    44 |    81 |    80 |    23 |    44 ||   275
       Paralysed         |       |       |       |       |     2 |     3 |       |       ||     5
       Held in net/web   |       |       |       |       |       |     5 |       |       ||     5
  Eat: Chunk             |     1 |     1 |    12 |    10 |    23 |     9 |    16 |     4 ||    76
       Meat ration       |       |     1 |       |     1 |     3 |     5 |     4 |     3 ||    17
       Bread ration      |       |     1 |       |       |       |       |     1 |     1 ||     3
       Pizza             |       |       |       |     2 |       |     1 |     2 |       ||     5
       Beef jerky        |       |       |       |     3 |     1 |       |     2 |     2 ||     8
       Fruit             |       |       |       |     3 |       |       |    17 |       ||    20
       Royal jelly       |       |       |       |       |     4 |       |       |       ||     4
Armor: Robe              |    29 |    28 |    61 |    71 |    82 |     7 |       |       ||   278
       Skin              |       |       |    20 |     7 |       |       |       |       ||    27
       Leather armour    |       |       |    25 |       |       |   117 |    37 |       ||   179
       Ring mail         |       |       |       |       |       |       |   135 |    46 ||   181
Dodge: Dodged            |    49 |    49 |   160 |   433 |   752 |  1233 |  1289 |   379 ||  4344
Block: Buckler           |       |       |       |    59 |   370 |   726 |   969 |   247 ||  2371
       Reflection        |       |       |       |       |       |    38 |   118 |     2 ||   158
